Description

I designed this build to look normal while getting drops as fast as possible. At about 4:30 you will have 32 lings dropped in the main with 10 lings attacking the natural and many more on the way. In the future I will upload a video explaining the build in more detail.

Replay - A.I. 1 (Very Easy) v Alex - Acid Plant LE

Build Order

Get SALT Encoding   

  13  0:12  Overlord  Send this to scout for cannons before going to opponent's main
  16  0:49  Hatchery  
  15  0:54  Extractor  Send 3 drones to gas asap
  18  1:21  Spawning Pool  Send 3 drones to gas asap
  22  2:07  Queen x2  2 Queens as pool finishes
  25  2:12  Overlord x2  Rally these overlords to opponent's main
  27  2:20  Metabolic Boost  
  29  2:42  Hatchery  
  28  2:49  Lair  
  28  2:52  Zergling x8  
  32  3:08  Pneumatized Carapace  
  32  3:10  Zergling x24  Rally 32 lings to the 4 overlords
  44  3:40  Overlord  
  44  3:55  Zergling x28  Morph 4 dropperlords and drop ASAP
  57  4:32  Overlord  
Spawning Tool Build Advisor. Get it on Overwolf

Analysis

The 3rd hatchery is created to trick your opponent, however, removing it will not speed up the drop much, if at all.

The 3rd and 4th overlords are created early. They must be rallied to the opponent's main so that they will be ready for the drop in time.

The build starts 16 hatch so that you can avoid the pylon block. On Dreamcatcher you can go 15 hatch to avoid a possible pylon block.

Go to:

Details

  • Created by: awells111
  • Published on: Aug 09, 2018
  • Modified on: Aug 09, 2018
  • Patch: 4.0.0
Show
View Real Time Build Order
Export as new Build Order

Comments (0)

There are no comments. Be the first!

Create an account to comment!